 Dungeon Crawl Stone Soup version 0.28.0-47-ge53b351184 (webtiles) character file.

Game seed: 1878435528231700085

2 Peloso the Skirmisher (level 1, 0/20 HPs)
             Began as a Minotaur Fighter on Apr 29, 2022.
             Slain by an adder (3 damage)
             ... on level 2 of the Dungeon.
             The game lasted 00:00:14 (56 turns).

Peloso the Skirmisher (Minotaur Fighter)              Turns: 56, Time: 00:00:14

Health: 0/20       AC:  8    Str: 20    XL:     1   Next: 25%
Magic:  0/0        EV:  9    Int:  5    God:
Gold:   0          SH:  4    Dex:  9    Spells: 0/0 levels left

rFire   . . .      SeeInvis .   a - +0 long sword
rCold   . . .      Faith    .   c - +0 buckler
rNeg    . . .      Spirit   .   b - +0 scale mail
rPois   .          Reflect  .   (helmet restricted)
rElec   .          Harm     .   (no cloak)
rCorr   .          Rampage  .   e - +0 pair of gloves
Will    .....                   (no boots)
Stlth   ..........              (no amulet)
HPRegen 0.06/turn               (no ring)
MPRegen 0.07/turn               (no ring)

@: lethally poisoned (0 -> -5)
A: horns 2, retaliatory headbutt
a: no special abilities


You were on level 2 of the Dungeon.
You visited 1 branch of the dungeon, and saw 2 of its levels.

Inventory:

Hand Weapons
 a - a +0 long sword (weapon)
Armour
 b - a +0 scale mail (worn)
 c - a +0 buckler (worn)
 e - a +0 pair of gloves (worn)
Potions
 d - a potion of might


   Skills:
 + Level 3.7 Fighting
 + Level 2.4 Long Blades
 + Level 3.6 Armour
 + Level 3.6 Shields


You couldn't memorise any spells.
You didn't know any spells.
Your spell library was empty.

Dungeon Overview and Level Annotations

Branches:
Dungeon (1/15)

Altars:


Innate Abilities, Weirdness & Mutations

You have a pair of horns on your head.
You reflexively headbutt those who attack you in melee.


Message History

You finish putting on your +0 pair of gloves.
A frilled lizard is nearby!
A frilled lizard is nearby!
A frilled lizard is nearby!
The frilled lizard hisses angrily.
The frilled lizard closely misses you.
You closely miss the frilled lizard. The frilled lizard misses you.
You hit the frilled lizard.
You kill the frilled lizard!
You see here a frilled lizard corpse.
Found a stone staircase leading down.
There is a stone staircase leading down here.
An adder comes into view.
The adder hisses angrily.
The adder barely misses you.
An adder is nearby!
You barely miss the adder. Your headbutt misses the adder. The adder bites you.
You barely miss the adder. The adder bites you.
The adder bites you but does no damage.
You miss the adder.
The adder bites you but does no damage. x2
You barely miss the adder. The adder bites you but does no damage.
The adder bites you.
You closely miss the adder. Your headbutt misses the adder.
The adder barely misses you. You furiously retaliate!
You headbutt the adder! You barely miss the adder.
The adder is almost dead.
The adder bites you but does no damage. The adder bites you.
You are poisoned.
The adder poisons you!
You miss the adder.
The adder is almost dead.
You feel sick. The adder bites you.
* * * LOW HITPOINT WARNING * * *
You are lethally poisoned!
The adder poisons you! The adder barely misses you.
You closely miss the adder.
The adder is almost dead.
* * * LOW HITPOINT WARNING * * *
You feel sick. The adder bites you.
You die...

#.......# #..
#.......# #.....
####†#### #.....
####.#### #.....
.#.......####...##
#..........# #.##
#..#..#..#.# .#
#..#..#..#>###S#
..............@.#
###..#..#..#.#####
#........#.#
#..........#
##...##### #...
#..


You could see an adder.

Vanquished Creatures
  A giant cockroach (D:2)
  A frilled lizard (D:2)
2 creatures vanquished.

Notes
Turn   | Place    | Note
-------+----------+-------------------------------------------
     0 | D:1      | Peloso the Minotaur Fighter began the quest for the Orb.
     0 | D:1      | Reached XP level 1. HP: 19/19 MP: 0/0
    10 | D:1      | You fall into a shaft and drop 1 floor!
    10 | D:2      | Found a faded altar of an unknown god.
    56 | D:2      | Slain by an adder

Illustrated notes

Levels and vault maps discovered:
D:1:      dpeg_arrival_renting, layout_basic
D:2:      layout_loops_cross, ebering_ecumenical_altar_sacrificial, uniq_jessica

Action                   || total
-------------------------++-------
Melee: Long sword        ||    12
Armor: Scale mail        ||     9
Dodge: Dodged            ||     5
Block: Buckler           ||     1
